 Dungeon Crawl Stone Soup version 0.27.1-35-g4d5d836560 (webtiles) character file.

Game seed: 5014447050470858664

355 Froggeryz the Cudgeller (level 6, -1/44 HPs)
             Began as an Octopode Berserker on Sept 8, 2022.
             Was a Believer of Trog.
             Slain by a scorpion (4 damage)
             ... on level 3 of the Dungeon.
             The game lasted 00:02:44 (3402 turns).

Froggeryz the Cudgeller (Octopode Berserker)        Turns: 3402, Time: 00:02:45

Health: -1/44      AC:  1    Str: 17    XL:     6   Next: 63%
Magic:  15/15      EV: 13    Int:  9    God:    Trog [**....]
Gold:   156        SH:  0    Dex: 13    Spells: 5/5 levels left

rFire    . . .     SeeInvis .   a - +1 mace
rCold    . . .     Faith    .   (no shield)
rNeg     . . .     Spirit   .   (helmet restricted)
rPois    .         Reflect  .   (no amulet)
rElec    .         Harm     .   e - ring of magical power
rCorr    .         Rampage  .   (no ring)
Will     ++...                  (no ring)
Stlth    ++........             (no ring)
HPRegen  1.14/turn              (no ring)
MPRegen  0.14/turn              (no ring)
                                (no ring)
                                (no ring)

@: lethally poisoned (-1 -> -7), strong-willed, on berserk cooldown,
regenerating
A: almost no armour, amphibious, 8 rings, camouflage 1, gelatinous body 1,
(nimble swimmer 1), tentacles
a: Renounce Religion, Berserk, Trog's Hand


You were on level 3 of the Dungeon.
You worshipped Trog.
Trog was pleased with you.
You visited 1 branch of the dungeon, and saw 4 of its levels.

You collected 156 gold pieces.

Inventory:

Hand Weapons
 a - a +1 mace (weapon)
Missiles
 f - 26 poisoned darts (quivered)
 j - a throwing net
Jewellery
 e - a ring of magical power (left tentacle)
Wands
 i - a wand of flame (8)
Scrolls
 b - 3 scrolls of identify {unknown}
 c - a scroll of immolation
 l - a scroll of fog {unknown}
Potions
 d - 2 potions of brilliance {unknown}
 g - 2 potions of curing {unknown}
 k - a potion of attraction {unknown}


   Skills:
 + Level 4.5 Fighting
 * Level 6.3 Maces & Flails
 - Level 3.0 Dodging


You had 5 spell levels left.
You didn't know any spells.
Your spell library was empty.

Dungeon Overview and Level Annotations

Branches:
Dungeon (4/15)
 Temple: D:4-7

Altars:
Hepliaklqana


Innate Abilities, Weirdness & Mutations

You cannot wear most types of armour.
You are amphibious.
You can wear up to eight rings at the same time.
Your skin changes colour to match your surroundings (Stealth+).
Your rubbery body absorbs attacks. (AC +1, EV +1)
((You are camouflaged near water. (Stealth+)))
You have tentacles for arms and can constrict up to eight enemies at once.


Message History

The ogre is engulfed in blazing flames.
Trog accepts your kill.
The ogre explodes!
You hear a shout!
f - 26 poisoned darts (gained 1)
Things that are here:
a +0 flail; an orc corpse A scorpion comes into view.
The scorpion moves out of view.
You can't go up here!
(D) Dungeon
Where to? (Enter - D:4 @ (x,y), ? - help)
An orc comes into view. It is wielding a +0 club.
The orc throws a boomerang.
The boomerang closely misses you.
The orc throws a boomerang.
The boomerang closely misses you.
Things that are here:
a +0 hand axe; a +0 leather armour; a jackal corpse The scorpion stings you.
You are poisoned.
The scorpion poisons you!
There is a stone staircase leading up, spattered with blood here.
You see here a jackal corpse.
You feel very sick. The scorpion stings you.
You climb upwards.
You feel very sick.
There is a stone staircase leading down here.
Your skin crawls.
You feel strong-willed.
You feel sick. The scorpion closely misses you. The scorpion stings you.
* * * LOW HITPOINT WARNING * * *
Okay, then.
You're still recovering from your berserk rage.
You barely miss the scorpion. You grab the scorpion.
You feel yourself speed up.
You constrict the scorpion.
You feel sick. The scorpion stings you!
* * * LOW HITPOINT WARNING * * *
You are lethally poisoned!
The scorpion poisons you! The scorpion stings you.
You die...

#.............'...#
#...###.###...#....
#.......# #.#.#....
#...##..###.#.#....
#..###......#.#....
#..................
##.###...####.#....
#..........#.#....
#@.........+......
####s.........#.#....
#.............#......
#.###.........#######
#.# ######.........#.
#.########.[.......#.
#......)...........#.
#...#....##........#.
#....................


You could see a scorpion.

Vanquished Creatures
  2 ogres (D:4)
  An orc priest (D:3)
  2 orc wizards (D:3)
  A gnoll (D:3)
  3 adders
  2 worms (D:2)
  6 orcs
  An endoplasm (D:3)
  2 goblins (D:2)
  7 hobgoblins
  7 jackals
  5 quokkas
  3 ball pythons
  3 bats
  A frilled lizard (D:3)
  4 kobolds (D:1)
  9 rats
59 creatures vanquished.

Notes
Turn   | Place    | Note
-------+----------+-------------------------------------------
     0 | D:1      | Froggeryz the Octopode Berserker began the quest for the
                  | Orb.
     0 | D:1      | Reached XP level 1. HP: 16/16 MP: 1/1
   660 | D:1      | Reached XP level 2. HP: 21/21 MP: 2/2
  1187 | D:2      | Reached skill level 4 in Maces & Flails
  1331 | D:2      | Reached XP level 3. HP: 26/26 MP: 3/3
  1959 | D:2      | Found a faded altar of an unknown god.
  2180 | D:2      | Found a hazy altar of Hepliaklqana.
  2490 | D:3      | Reached ** piety under Trog
  2491 | D:3      | Reached XP level 4. HP: 31/31 MP: 4/4
  2502 | D:3      | Reached skill level 5 in Maces & Flails
  2502 | D:3      | Reached XP level 5. HP: 37/37 MP: 5/5
  3363 | D:4      | Noticed an ogre
  3372 | D:4      | Killed an ogre
  3373 | D:4      | Reached skill level 6 in Maces & Flails
  3373 | D:4      | Reached XP level 6. HP: 36/43 MP: 6/6
  3402 | D:3      | Slain by a scorpion

Illustrated notes

Levels and vault maps discovered:
D:1:      matt_arrival_diagonals, layout_basic, hangedman_glass_teeth
D:2:      layout_basic, shapermc_ecumenical_altar_hornbeckon, basic_altar
D:3:      layout_basic, hangedman_abyss_or_decor_stabs, minmay_between
D:4:      layout_loops_ring, old_standard_altar, lemuel_crystal_altar,
          serial_glass, glass_columns_a, glass_columns_b, glass_columns_a,
          glass_columns_a, glass_columns_a, glass_columns_a, glass_columns_b,
          glass_columns_a, glass_columns_a, glass_columns_a, uniq_natasha,
          uniq_eustachio

Skill      XL: |  1  2  3  4  5 |
---------------+----------------+-----
Maces & Flails | 4 5 6 |  6.3
Fighting       | 4 |  4.5
Dodging        | |  3.0

Action                   |  1- 3 |  4- 6 || total
-------------------------+-------+-------++-------
Melee: Mace              |    58 |    53 ||   111
       Tentacles         |    14 |     4 ||    18
       Constrict         |    17 |    12 ||    29
Throw: Dart              |       |    11 ||    11
Invok: Berserk           |       |     2 ||     2
       Trog's Hand       |       |     2 ||     2
Evoke: Wand              |       |     2 ||     2
  Use: Scroll            |       |     2 ||     2
 Stab: Sleeping          |     4 |     2 ||     6
Armor: Skin              |     1 |     3 ||     4
Dodge: Dodged            |    28 |    27 ||    55
